 Dungeon Crawl Stone Soup version 0.24-a0-458-gfcb5e6da0e (webtiles) character file.

Game seed: 12437455583990617970

166 Mrkan the Chopper (level 5, -4/41 HPs)
             Began as a Demonspawn Gladiator on June 26, 2019.
             Slain by a gnoll
             ... wielding a +0 flail
              (7 damage)
             ... on level 2 of the Dungeon.
             The game lasted 00:01:47 (959 turns).

Mrkan the Chopper (Demonspawn Gladiator)             Turns: 959, Time: 00:01:47

Health: -4/41      AC:  7    Str: 14 (15) XL:     5   Next: 22%
Magic:  5/5        EV: 10    Int:  9      God:
Gold:   79         SH:  0    Dex: 15      Spells: 4/4 levels left

rFire    . . .     SeeInvis .   a - +0 war axe
rCold    . . .     Gourm    .   (no shield)
rNeg     . . .     Faith    .   p - +0 scale mail
rPois    .         Spirit   .   c - +0 helmet
rElec    .         Reflect  .   (no cloak)
rCorr    .         Harm     .   (no gloves)
MR       .....                  (no boots)
Stlth    ..........             (no amulet)
HPRegen  0.13/turn              (no ring)
MPRegen  0.09/turn              (no ring)

@: no status effects
A: talons 1
a: no special abilities


You were on level 2 of the Dungeon.
You were not hungry.

You visited 1 branch of the dungeon, and saw 2 of its levels.

You collected 79 gold pieces.

Inventory:

Hand Weapons
 a - a +0 war axe (weapon)
Missiles
 d - 3 throwing nets (quivered)
 j - 42 stones
Armour
 c - a +0 helmet (worn)
 p - a +0 scale mail (worn)
Jewellery
 g - an uncursed ring of protection from cold {unknown}
Scrolls
 k - a scroll of remove curse {unknown}
 l - a scroll of identify {unknown}
 m - a scroll of enchant weapon {unknown}
Potions
 e - a potion of heal wounds {unknown}
 h - a potion of degeneration
 i - a potion of invisibility {unknown}
 n - a potion of curing
Comestibles
 f - 5 rations
 o - 4 chunks of flesh


   Skills:
 + Level 3.5 Fighting
 * Level 4.7 Axes
 - Level 1.7 Throwing
 - Level 2.6 Dodging


You had 4 spell levels left.
You didn't know any spells.
Your spell library was empty.

Dungeon Overview and Level Annotations

Branches:
Dungeon (2/15)

Altars:


Innate Abilities, Weirdness & Mutations

You have sharp toenails.


Message History

A goblin and 2 gnolls come into view.
The gnoll shouts! x2
Found 19 bolts.
It was a potion of curing.
You feel better. The gnoll hits you with a +0 flail!
Your scale mail prevents you from hitting the gnoll.
The gnoll hits you with a +0 flail!
* * * LOW HITPOINT WARNING * * *
You barely miss the gnoll. The gnoll hits you but does no damage.
You hit the gnoll.
The gnoll is moderately wounded.
The gnoll closely misses you.
You closely miss the gnoll. Your kick misses the gnoll.
The gnoll is moderately wounded.
The gnoll misses you. The gnoll hits you with a +0 flail!
* * * LOW HITPOINT WARNING * * *
The gnoll closely misses you. The gnoll hits you with a +0 flail!
You die...

..g.... #.##..# ..... (...g..
##.##..#...... ...g...
#[.....#......
.......##.............
...?...........#######
...<........g.....#
.........###gg....############
.####+#### #g.....##.........#
#.@....##.........#
#..)...##.........#
#.....)............
#......##..........
#......############ #......#
########


You could see 3 gnolls and a goblin.

Vanquished Creatures
  Sigmund (D:2)
  A dart slug (D:1)
  A leopard gecko (D:2)
  2 bats (D:1)
  2 hobgoblins
  4 jackals (D:1)
  3 goblins
  A kobold (D:2)
  4 rats
19 creatures vanquished.

Notes
Turn   | Place    | Note
-------+----------+-------------------------------------------
     0 | D:1      | Mrkan the Demonspawn Gladiator began the quest for the Orb.
     0 | D:1      | Reached XP level 1. HP: 16/16 MP: 1/1
   213 | D:1      | Reached skill level 3 in Axes
   345 | D:1      | Gained mutation: You have sharp toenails. [demonic
                  | ancestry]
   345 | D:1      | Reached XP level 2. HP: 19/22 MP: 2/2
   880 | D:2      | Noticed Sigmund
   897 | D:2      | Killed Sigmund
   897 | D:2      | Reached skill level 4 in Axes
   897 | D:2      | Reached XP level 3. HP: 13/29 MP: 3/3
   897 | D:2      | Reached XP level 4. HP: 16/35 MP: 4/4
   897 | D:2      | Reached XP level 5. HP: 19/41 MP: 5/5
   945 | D:2      | HP: 1/41 [gnoll/+0 flail (11)]
   959 | D:2      | Slain by a gnoll

Levels and vault maps discovered:
D:1:      lightli_arrival_boilingwater, layout_basic
D:2:      layout_basic, nicolae_overflow_crystal_walls, grunt_ministairs_5,
          nicolae_gozag_seed_capital, uniq_sigmund

Skill      XL: |  1  2 |
---------------+-------+-----
Axes           | 3 4 |  4.7
Fighting       | 3 |  3.5
Throwing       | |  1.7
Dodging        | |  2.6

Action                   |  1- 3 |  4- 6 || total
-------------------------+-------+-------++-------
Melee: War axe           |    40 |     5 ||    45
       Kick              |     6 |       ||     6
  Use: Potion            |     1 |     1 ||     2
 Stab: Sleeping          |     1 |       ||     1
Armor: Leather armour    |    12 |       ||    12
       Scale mail        |       |     1 ||     1
Dodge: Dodged            |    34 |     4 ||    38

Table legend:
 A = Non-vault XP
 B = Vault XP
 C = Vault XP percentage of total XP
 D = Non-vault monster count
 E = Vault monster count
 F = Vault count percentage of total count
                 A         B        C        D         E       F
            +---------+---------+-------+---------+---------+-------
      Total |      31 |     207 |  87.0 |      16 |       3 |  15.8
            +---------+---------+-------+---------+---------+-------
        D:1 |      22 |       0 |   0.0 |      11 |       0 |   0.0
        D:2 |       9 |     207 |  95.8 |       5 |       3 |  37.5
            +---------+---------+-------+---------+---------+-------
